 Dungeon Crawl Stone Soup version 0.25.0-10-g039870ee82 (webtiles) character file.

Game seed: 12810144330618129324

2704 funkygono the Basher (level 9, -3/78 HPs)
             Began as a Minotaur Fighter on June 22, 2020.
             Was a Follower of Okawaru.
             Killed by nerve-wracking pain
             ... invoked by an orc priest
              (9 damage)
             ... on level 6 of the Dungeon.
             The game lasted 00:15:40 (6497 turns).

funkygono the Basher (Minotaur Fighter)             Turns: 6497, Time: 00:15:41

Health: -3/78      AC: 15    Str: 23      XL:     9   Next: 39%
Magic:  8/8        EV: 11    Int:  5      God:    Okawaru [*.....]
Gold:   227        SH:  0    Dex: 10 (11) Spells: 8/8 levels left

rFire    + . .     SeeInvis .   w - +1 flail (protect)
rCold    . . .     Gourm    .   c - +1 kite shield
rNeg     . . .     Faith    +   g - +0 chain mail {rF+}
rPois    .         Spirit   .   (helmet restricted)
rElec    .         Reflect  .   (no cloak)
rCorr    .         Harm     .   p - +1 pair of gloves
MR       .....                  r - +1 pair of boots
Stlth    ..........             i - amulet of faith
HPRegen  0.23/turn              x - +4 ring of evasion
MPRegen  0.11/turn              (no ring)

@: confused, mighty, very slightly contaminated, invisible
A: retaliatory headbutt, horns 2
a: Heroism, Renounce Religion


You were on level 6 of the Dungeon.
You worshipped Okawaru.
Okawaru was aware of your devotion.
You were not hungry.

You visited 2 branches of the dungeon, and saw 8 of its levels.

You collected 227 gold pieces.

Inventory:

Hand Weapons
 a - a +0 flail
 o - a +1 whip of electrocution
 w - a +1 flail of protection (weapon)
Armour
 c - a +1 kite shield (worn)
 g - a +0 chain mail of fire resistance (worn)
 p - a +1 pair of gloves (worn)
 r - a +1 pair of boots (worn)
Jewellery
 i - an amulet of faith (around neck)
 x - a +4 ring of evasion (left hand)
Scrolls
 h - 2 scrolls of remove curse
 l - a scroll of amnesia
 q - a scroll of immolation
 t - 2 scrolls of teleportation
 u - a scroll of magic mapping
 y - a scroll of fog
Potions
 e - a potion of berserk rage
 k - 3 potions of magic
 m - a potion of brilliance
 n - a potion of lignification
 z - a potion of curing
 A - 2 potions of haste
Comestibles
 f - 8 rations
 v - 2 chunks of flesh


   Skills:
 + Level 6.5 Fighting
 + Level 10.2 Maces & Flails
 + Level 7.7 Armour
 + Level 2.3 Dodging
 + Level 0.4 Stealth
 + Level 8.0 Shields


You had 8 spell levels left.
You didn't know any spells.
Your spell library was empty.

Dungeon Overview and Level Annotations

Branches:
Dungeon (7/15)             Temple (1/1) D:6

Altars:
Ashenzari
Cheibriados
Dithmenos
Fedhas
Gozag
Hepliaklqana
Kikubaaqudgha
Makhleb
Nemelex Xobeh
Okawaru
Ru
Sif Muna
Trog
Vehumet
Wu Jian
Xom
Yredelemnul
Zin
The Shining One


Innate Abilities, Weirdness & Mutations

You reflexively headbutt those who attack you in melee.
You have a pair of horns on your head.


Message History

The orc wizard hits you but does no damage.
You sock the orc priest!
The orc priest is severely wounded.
The orc priest closely misses you. The orc wizard casts a spell at you.
You are confused.
You bump into the rock wall.
The orc wizard hits you but does no damage.
You bump into the rock wall.
The orc priest mumbles some strange prayers to Beogh against you.
Beogh smites you!
* * * LOW HITPOINT WARNING * * *
The orc wizard closely misses you.
You bump into the rock wall.
The orc wizard hits you but does no damage.
Some of the chunks of flesh in your inventory have rotted away.
You bump into the rock wall.
The orc priest invokes the aid of Beogh against you.
Pain shoots through your body!
You die...

.#
#...!..#.##.####.#####.#.#
.###
####...#.........#####+#.#
...####
#...#..#.#####........#
......# #...##.#.#
#.......## _.....#
#...##.#.# #.......#
......# #...##...#
######### ....###
#...###..# ....# #...#
#.o# ....############@#
...............o>#
##################


You could see an orc priest and an orc wizard.

Vanquished Creatures
  Pikel (D:5)
  Sigmund (D:5)
  A phantom (D:5)
  An ice beast (D:6)
  2 orc warriors (D:6)
  A sky beast (D:5)
  3 slaves (D:5)
  3 ogres
  A centaur (D:5)
  A scorpion (D:5)
  6 crimson imps
  A quasit (D:6)
  3 bullfrog zombies (D:6)
  2 hounds
  6 orc priests
  2 bullfrog skeletons (D:5)
  A centaur skeleton (D:5)
  2 orc wizards (D:3)
  6 worker ants
  A hound skeleton (D:4)
  2 worker ant zombies (D:5)
  8 adders
  A howler monkey skeleton (D:5)
  10 gnolls
  A shadow imp (D:6)
  An adder zombie (D:5)
  4 worms
  2 dart slugs (D:1)
  4 leopard geckos
  21 orcs
  7 bats
  6 giant cockroaches
  13 goblins
  7 hobgoblins
  20 jackals
  8 kobolds
  6 quokkas
  3 ball pythons
  7 frilled lizards
  6 rats
182 creatures vanquished.

Notes
Turn   | Place    | Note
-------+----------+-------------------------------------------
     0 | D:1      | funkygono the Minotaur Fighter began the quest for the Orb.
     0 | D:1      | Reached XP level 1. HP: 19/19 MP: 0/0
   152 | D:1      | Reached XP level 2. HP: 24/27 MP: 1/1
  1099 | D:1      | Reached skill level 3 in Maces & Flails
  1099 | D:1      | Reached XP level 3. HP: 33/33 MP: 2/2
  2263 | D:2      | Reached XP level 4. HP: 35/40 MP: 3/3
  2807 | D:3      | Reached skill level 4 in Maces & Flails
  2807 | D:3      | Reached skill level 5 in Armour
  2807 | D:3      | Reached XP level 5. HP: 29/47 MP: 4/4
  2931 | D:3      | Found a faded altar of an unknown god.
  3062 | D:3      | Found a shimmering blue altar of Sif Muna.
  3277 | D:3      | Reached XP level 6. HP: 35/53 MP: 5/5
  3308 | D:3      | Reached skill level 5 in Shields
  3335 | D:3      | Reached skill level 5 in Maces & Flails
  3429 | D:3      | Found a shimmering altar of Xom.
  3868 | D:4      | Reached XP level 7. HP: 57/60 MP: 6/6
  4054 | D:4      | Reached skill level 6 in Maces & Flails
  4117 | D:4      | Found a sacrificial altar of Ru.
  4339 | D:5      | Entered Level 5 of the Dungeon
  4391 | D:5      | Reached skill level 5 in Fighting
  4418 | D:5      | Reached skill level 7 in Maces & Flails
  4418 | D:5      | Reached skill level 1 in Dodging
  4717 | D:5      | Reached XP level 8. HP: 61/68 MP: 7/7
  4935 | D:5      | Reached skill level 8 in Maces & Flails
  4974 | D:5      | Noticed Pikel
  5014 | D:5      | Killed Pikel
  5024 | D:5      | Reached skill level 9 in Maces & Flails
  5419 | D:5      | Noticed Sigmund
  5441 | D:5      | Killed Sigmund
  5441 | D:5      | Reached XP level 9. HP: 53/75 MP: 8/8
  5614 | D:6      | Found a glowing golden altar of the Shining One.
  5795 | D:6      | Found a staircase to the Ecumenical Temple.
  5801 | Temple   | Entered the Ecumenical Temple
  5830 | Temple   | Became a worshipper of Warmaster Okawaru
  5963 | D:6      | Found an opulent altar of Gozag.
  6183 | D:6      | Reached skill level 10 in Maces & Flails
  6262 | D:6      | Reached * piety under Okawaru
  6275 | D:6      | Found a shattered altar of Ashenzari.
  6497 | D:6      | Killed from afar by an orc priest

Illustrated notes

Levels and vault maps discovered:
D:1:      matt_arrival_grand_opening, layout_basic, minmay_misc_feat_tower
D:2:      layout_loops_corners
D:3:      layout_basic, nicolae_overflow_crystal_walls,
          chequers_ecumenical_altar_simple_redux, first_ration, st_stairs_13,
          led_xom_imps
D:4:      layout_cave_pools, nicolae_ru_sacrificial_ziggurat
D:5:      layout_gridville, kennysheep_doodads, uniq_pikel, uniq_sigmund
D:6:      layout_basic, lemuel_crystal_altar, old_standard_altar, temple_green,
          basic_altar
D:7:      minmay_s_stair_smasher, layout_basic, the_bakery
Temple:   eino_temple_scatter_basement

Skill      XL: |  1  2  3  4  5  6  7  8  9 |
---------------+----------------------------+-----
Armour         | 4 5 6 7 |  7.7
Maces & Flails | 3 4 5 7 9 10 | 10.2
Fighting       | 4 5 6 |  6.5
Shields        | 4 5 6 7 8 |  8.0
Dodging        | 1 2 |  2.3
Stealth        | |  0.4

Action                   |  1- 3 |  4- 6 |  7- 9 || total
-------------------------+-------+-------+-------++-------
Melee: Flail             |   140 |   174 |   271 ||   585
       Headbutt          |    16 |    31 |    68 ||   115
  Use: Scroll            |     4 |     4 |    11 ||    19
       Potion            |       |     1 |     3 ||     4
  Eat: Chunk             |     4 |     6 |     5 ||    15
       Ration            |       |       |     1 ||     1
Armor: Scale mail        |    27 |       |       ||    27
       Chain mail        |    49 |    79 |   130 ||   258
Dodge: Dodged            |    34 |    35 |    92 ||   161
Block: Kite shield       |    73 |    98 |   153 ||   324
